 Dungeon Crawl Stone Soup version 0.25.0-7-g216d0a8 (webtiles) character file.

Game seed: 1696252750211870073

8052 Charmandara the Basher (level 10, -17/83 (86) HPs)
             Began as a Demigod Warper on June 16, 2020.
             Demolished by a two-headed ogre
             ... wielding a +0 giant spiked club
              (23 damage)
             ... on level 9 of the Dungeon.
             The game lasted 00:33:58 (12010 turns).

Charmandara the Basher (Demigod Warper)            Turns: 12010, Time: 00:33:58

HP:   -17/83 (86)   AC: 13    Str: 22    XL:     10   Next: 76%
MP:   0/16          EV: 12    Int: 17    God:
Gold: 305           SH:  0    Dex: 15    Spells: 3/13 levels left

rFire    . . .     SeeInvis .   a - +2 morningstar (flame)
rCold    . . .     Gourm    .   (no shield)
rNeg     . . .     Faith    .   H - +0 acid dragon scales
rPois    +         Spirit   +   u - +1 helmet
rElec    .         Reflect  .   t - +2 cloak
rCorr    +         Harm     .   (no gloves)
MR       +....                  (no boots)
Stlth    +.........             x - amulet of guardian spirit {Spirit}
HPRegen  0.23/turn              y - ring of poison resistance {rPois, !d}
MPRegen  0.15/turn              (no ring)

@: hasted, very quick
A: high mp 1, strong 1
a: no special abilities


You were on level 9 of the Dungeon.
You were hungry.

You visited 2 branches of the dungeon, and saw 10 of its levels.

You collected 389 gold pieces.
You spent 84 gold pieces at shops.

Inventory:

Hand Weapons
 a - a +2 morningstar of flaming (weapon)
   (You took it off Maggie on level 7 of the Dungeon)
 j - a +0 shortbow
   (You found it on level 5 of the Dungeon)
 k - a +1 great mace
   (You bought it in a shop on level 6 of the Dungeon)
 A - a +2 whip of freezing
   (You took it off Pikel on level 7 of the Dungeon)
Missiles
 e - 3 boomerangs of dispersal {=f}
 g - 141 stones
 h - 60 bolts
 p - 78 arrows
 q - 56 sling bullets
 r - 42 poisoned darts (quivered)
 v - 10 javelins
 w - 10 boomerangs
Armour
 b - a +0 leather armour
 m - a +0 scale mail
   (You took it off an orc on level 4 of the Dungeon)
 s - a +0 chain mail
   (You found it on level 2 of the Dungeon)
 t - a +2 cloak (worn)
   (You found it on level 1 of the Dungeon)
 u - a +1 helmet (worn)
   (You took it off Robin on level 2 of the Dungeon)
 C - the +0 robe "Ampe" {+Inv rElec rN+}
   (You found it on level 6 of the Dungeon)

   It insulates you from electricity.
   It protects you from negative energy.
   It lets you turn invisible.
 D - a +2 leather armour of magic resistance
   (You took it off Joseph on level 9 of the Dungeon)
 H - +0 acid dragon scales (worn)
   (You took it off Maggie on level 7 of the Dungeon)
Jewellery
 x - an amulet of guardian spirit (around neck) {Spirit}
   (You found it on level 3 of the Dungeon)
 y - a ring of poison resistance (left hand) {rPois, !d}
   (You found it on level 3 of the Dungeon)
Wands
 F - a wand of random effects (19)
   (You found it on level 9 of the Dungeon)
Scrolls
 i - a scroll of teleportation
 o - a scroll of immolation {!r}
 E - 4 scrolls of remove curse
 G - 2 scrolls of identify
 J - 2 scrolls of enchant armour
Potions
 c - a potion of brilliance
 n - a potion of curing
 z - 3 potions of mutation {!q}
Comestibles
 d - 2 chunks of flesh {@w0}
 f - 21 rations


   Skills:
 + Level 7.3 Fighting
 + Level 11.9 Maces & Flails
 - Level 0.8 Throwing
 + Level 7.0 Armour
 - Level 1.7 Dodging
 - Level 2.0 Spellcasting
 - Level 3.0 Translocations


You had 3 spell levels left.
You knew the following spells:

 Your Spells              Type           Power        Failure   Level  Hunger
a - Shroud of Golubria    Chrm/Tloc      #.....       19%         2    ###....
b - Blink                 Tloc           N/A          11%         2    ###....
c - Teleport Other        Tloc           ##......     21%         3    ###....
d - Lesser Beckoning      Tloc           ##........   21%         3    ###....

Your spell library contained the following spells:

 Spells                   Type           Power        Failure   Level  Hunger
 Gell's Gravitas          Tloc           ##........   21%         3    ###....
 Passage of Golubria      Tloc           N/A          56%         4    #####..


Dungeon Overview and Level Annotations

Branches:
Dungeon (9/15)             Temple (1/1) D:7
   Lair: D:8-11         Orc: D:9-12

Shops:
D:6 !(

Annotations:
D:3 3 runed translucent doors, lastplaneout's ghost, amateur NaBe


Innate Abilities, Weirdness & Mutations

You have an increased reservoir of magic. (+10% MP)
Your muscles are strong. (Str +2)


Message History

A phantom is nearby!
You puncture the phantom! You burn the phantom.
The phantom hits you but does no damage.
You barely miss the phantom.
The phantom hits you but does no damage.
You impale the phantom!! You burn the phantom!
You destroy the phantom!
You sock the plant! You burn the plant!
Search for what [Enter for "mut", or ? for help]? plate
Okay, then.
Okay, then.
You start removing your armour.
You continue taking off your +0 acid dragon scales. x4
You finish taking off your +0 acid dragon scales.
You start putting on your armour.
You continue putting on your +0 chain mail. x5
You finish putting on your +0 chain mail.
You regained 2 hp, and now have 80/83 hp.
Unknown command.
Unknown command.
Unknown command.
All of the chunks of flesh in your inventory have rotted away.
You start removing your armour.
You continue taking off your +0 chain mail. x4
You finish taking off your +0 chain mail.
You start putting on your armour.
You continue putting on your +0 acid dragon scales. x5
You finish putting on your +0 acid dragon scales.
You regained 2 hp, and now have 82/83 hp.
Unknown command.
Unknown command.
You start removing your armour.
You continue taking off your +0 acid dragon scales. x4
You finish taking off your +0 acid dragon scales.
You start putting on your armour.
You continue putting on your +0 chain mail. x5
You finish putting on your +0 chain mail.
Health restored: 83 You start removing your armour.
You continue taking off your +0 chain mail. x4
You finish taking off your +0 chain mail.
You start putting on your armour.
You continue putting on your +0 acid dragon scales. x5
You finish putting on your +0 acid dragon scales.
Unknown command.
You butcher the two-headed ogre corpse.
d - 2 chunks of flesh {@w0}
Things that are here:
a +0 giant spiked club; a +0 giant club; a two-headed ogre skeleton
Things that are here:
a +0 giant spiked club; a +0 giant club; a two-headed ogre skeleton
Found a stone staircase leading up.
You see here a spear.
f - 20 rations (gained 1)
Found a stone staircase leading down.
f - 21 rations (gained 1)
There are no items here.
A two-headed ogre comes into view.
It is wielding a +0 giant spiked club and a +0 giant club.
The two-headed ogre shouts in stereo!
A two-headed ogre is nearby!
Okay, then.
That's the wrong kind of item! (Use * to select it.)
Okay, then.
Unknown command.
Aim: a two-headed ogre, wielding a +0 giant spiked club and a +0 giant club The bolt of poison hits the two-headed ogre!
The two-headed ogre is poisoned.
Aim: a two-headed ogre, wielding a +0 giant spiked club and a +0 giant club (moderately wounded, poisoned)
The two-headed ogre flickers and vanishes!
Deactivating autopickup; reactivate with Ctrl-A.
Nothing appears to happen.
Something hits you! Something hits you!!
You take 22 damage, and have 61/83 hp.
MASSIVE DAMAGE!!
You now have 12/16 mp.
Okay, then.
You blink.
Something hits you!! Something hits you!
You take 34 damage, and have 27/83 hp.
MASSIVE DAMAGE!!
You now have 4/16 mp.
You blink.
You now have 2/16 mp.
Unknown command.
Okay, then.
Aim: Disturbance (translocational energy)
You blink.
You are feeling hungry.
Something hits you!
* * * LOW HITPOINT WARNING * * *
Something hits you.
* * * LOW HITPOINT WARNING * * *
You take 22 damage, and have 6/83 hp.
MASSIVE DAMAGE!!
You now have 0/16 mp.
Okay, then.
Okay, then.
Okay, then.
You feel yourself speed up. Something hits you!!
You die...

>## ..##.........# <## #..
#........[...# ..#....
#.##>........# .....#
...........## ........
#..........# ..#.####
#..........# #....##########
#..........#
##...........########..........#
.#......##..{@...##..........#
##### #######..#.........## #
##..........## #.####
###........# #....## #........#
.##########..#### #........#
........####....###........#
<######...####.........#####
#.......).........#


There were no monsters in sight!

Vanquished Creatures
  2 two-headed ogres
  Pikel (D:7)
  A death drake (D:9)
  Joseph (D:9)
  Maggie (D:7)
  A troll (D:8)
  A hippogriff (D:7)
  A spriggan (D:7)
  4 yaks (D:9)
  Menkaure (D:7)
  2 water moccasins
  2 hornet zombies
  2 ice beasts
  A phantom (D:9)
  3 necrophages (D:9)
  3 sky beasts
  2 centaurs
  3 ogres
  6 bullfrogs
  3 killer bees (D:9)
  4 howler monkeys
  3 wights (D:9)
  3 crimson imps
  3 bullfrog zombies
  3 hounds
  3 orc priests
  2 bullfrog skeletons
  2 gnoll shamans
  9 orc wizards
  2 human zombies (D:9)
  A human skeleton (D:9)
  8 iguanas
  7 worker ants
  2 killer bee zombies
  2 hound skeletons
  A mummy (D:9)
  Robin (D:2)
  13 adders
  8 gnolls
  A howler monkey skeleton (D:4)
  2 adder zombies (D:9)
  An adder skeleton (D:6)
  4 worms
  4 dart slugs
  2 leopard geckos
  23 orcs
  5 bats
  4 giant cockroaches
  15 goblins
  20 hobgoblins
  11 jackals
  5 kobolds
  8 quokkas
  3 ball pythons
  7 frilled lizards
  A leopard gecko zombie (D:7)
  An orc zombie (D:9)
  14 rats
249 creatures vanquished.

Vanquished Creatures (others)
  A slave (D:7)
  A crimson imp (D:7)
  A howler monkey skeleton (D:7)
3 creatures vanquished.

Grand Total: 252 creatures vanquished

Notes
Turn   | Place    | Note
-------+----------+-------------------------------------------
     0 | D:1      | Charmandara the Demigod Warper began the quest for the Orb.
     0 | D:1      | Reached XP level 1. HP: 17/17 MP: 5/5
    41 | D:1      | Reached skill level 2 in Maces & Flails
    74 | D:1      | HP: 1/17 [hobgoblin (4)]
    89 | D:1      | Reached XP level 2. HP: 6/24 MP: 7/7
   382 | D:1      | Reached skill level 3 in Maces & Flails
   520 | D:1      | HP: 6/24 [hobgoblin/+0 dagger (1)]
   521 | D:1      | Gained mutation: You are weak. (Str -2) [potion of
                  | mutation]
   521 | D:1      | Lost mutation: You are weak. (Str -2) [potion of mutation]
   521 | D:1      | Gained mutation: Your muscles are strong. (Str +2) [potion
                  | of mutation]
  1384 | D:2      | Reached XP level 3. HP: 29/29 MP: 8/8
  1639 | D:2      | Noticed Robin
  1705 | D:2      | HP: 5/29 [worm (10)]
  1706 | D:2      | HP: 1/29 [worm (4)]
  2148 | D:2      | Reached skill level 4 in Maces & Flails
  2174 | D:2      | Killed Robin
  2174 | D:2      | Reached XP level 4. HP: 21/36 MP: 9/9
  2389 | D:2      | Found a basalt altar of Yredelemnul.
  2442 | D:2      | Found an ancient bone altar of Kikubaaqudgha.
  3135 | D:3      | Found a sparkling altar of Nemelex Xobeh.
  3195 | D:3      | Found a runed translucent gate.
  3195 | D:3      | Found a runed translucent gate.
  3195 | D:3      | Found a runed translucent gate.
  3195 | D:3      | Noticed lastplaneout's ghost (amateur NaBe)
  3196 | D:3      | Identified the cursed +3 dagger of the Battered Runes
                  | {elec, *Slow Dex+7 SInv}
  3197 | D:3      | Found a roughly hewn altar of Beogh.
  3782 | D:3      | Noticed a water moccasin
  3790 | D:3      | Killed a water moccasin
  3790 | D:3      | Reached skill level 5 in Maces & Flails
  3790 | D:3      | Reached XP level 5. HP: 25/41 MP: 10/10
  4459 | D:4      | Noticed an ogre
  4499 | D:3      | Learned a level 2 spell: Blink
  4502 | D:3      | Learned a level 2 spell: Shroud of Golubria
  4506 | D:3      | Learned a level 3 spell: Teleport Other
  4546 | D:4      | HP: 7/41 [iguana (11)]
  4557 | D:4      | HP: 5/41 [iguana (10)]
  4832 | D:4      | Reached skill level 6 in Maces & Flails
  4832 | D:4      | Reached XP level 6. HP: 41/48 MP: 9/11
  5828 | D:4      | Reached skill level 7 in Maces & Flails
  5994 | D:4      | Reached XP level 7. HP: 39/53 MP: 1/12
  6622 | D:5      | Entered Level 5 of the Dungeon
  6706 | D:5      | HP: 11/53 [hornet zombie (3)]
  6708 | D:5      | Reached skill level 8 in Maces & Flails
  7562 | D:6      | Reached skill level 9 in Maces & Flails
  7786 | D:6      | Reached XP level 8. HP: 54/60 MP: 10/13
  7888 | D:6      | Got a slimy robe
  7915 | D:6      | Learned a level 3 spell: Lesser Beckoning
  7925 | D:6      | Identified the +0 robe "Ampe" {+Inv rElec rN+} (You found
                  | it on level 6 of the Dungeon)
  7962 | D:6      | Found Dogugaal's Distillery.
  8088 | D:6      | Reached skill level 1 in Armour
  8149 | D:6      | Found Bymer Reoz's Weapon Emporium.
  8152 | D:6      | Bought a +0 great mace for 84 gold pieces
  8235 | D:6      | Reached skill level 2 in Spellcasting
  8354 | D:6      | Reached skill level 3 in Translocations
  8364 | D:6      | Found a glowing silver altar of Zin.
  8490 | D:7      | Found a shattered altar of Ashenzari.
  8506 | D:7      | Noticed Maggie
  8540 | D:7      | Killed Maggie
  8540 | D:7      | Reached skill level 2 in Fighting
  8540 | D:7      | Reached skill level 10 in Maces & Flails
  8540 | D:7      | Reached skill level 2 in Armour
  8704 | D:7      | Reached skill level 3 in Fighting
  8727 | D:7      | Found a burning altar of Makhleb.
  8751 | D:7      | Noticed a hippogriff
  8767 | D:7      | Killed a hippogriff
  8767 | D:7      | Reached skill level 3 in Armour
  8770 | D:7      | Noticed Menkaure
  8778 | D:7      | HP: 14/63 [??? (7)]
  9029 | D:7      | Killed Menkaure
  9029 | D:7      | Reached XP level 9. HP: 70/70 MP: 15/15
  9091 | D:7      | Noticed Pikel
  9100 | D:7      | Killed Pikel
  9100 | D:7      | Reached skill level 4 in Fighting
  9115 | D:7      | Reached skill level 4 in Armour
  9416 | D:7      | Found a staircase to the Ecumenical Temple.
  9474 | Temple   | Entered the Ecumenical Temple
  9574 | D:7      | HP: 18/73 [something (3)]
  9578 | D:7      | Reached skill level 5 in Fighting
 10037 | D:7      | Reached skill level 11 in Maces & Flails
 10290 | D:8      | Found a sacrificial altar of Ru.
 10296 | D:8      | Found a bloodstained altar of Trog.
 10299 | D:8      | Found a blossoming altar of Fedhas.
 10300 | D:8      | Found a hazy altar of Hepliaklqana.
 10321 | D:8      | Reached skill level 5 in Armour
 10378 | D:8      | Noticed a two-headed ogre
 10423 | D:8      | Killed a two-headed ogre
 10423 | D:8      | Reached XP level 10. HP: 57/83 MP: 12/16
 10716 | D:8      | Found an iron altar of Okawaru.
 10850 | D:8      | Found a shimmering blue altar of Sif Muna.
 10994 | D:9      | Reached skill level 6 in Fighting
 11037 | D:9      | Reached skill level 6 in Armour
 11046 | D:9      | Noticed a two-headed ogre
 11049 | D:9      | Noticed a two-headed ogre
 11066 | D:9      | Found a glowing golden altar of the Shining One.
 11071 | D:9      | HP: 17/83 [orc wizard/magic dart[an orc] (5)]
 11075 | D:9      | Noticed Joseph
 11079 | D:9      | HP: 17/83 [poisoned by a killer bee]
 11531 | D:9      | Found a basalt altar of Yredelemnul.
 11561 | D:9      | Noticed a death drake
 11561 | D:9      | a two-headed ogre changed into a death drake
 11573 | D:9      | Killed a death drake
 11573 | D:9      | Reached skill level 7 in Fighting
 11681 | D:9      | Killed Joseph
 11858 | D:9      | Killed a two-headed ogre
 11858 | D:9      | Reached skill level 7 in Armour
 11997 | D:9      | Noticed a two-headed ogre
 12009 | D:9      | HP: 12/83 [something (16)]
 12010 | D:9      | Demolished by a two-headed ogre

Illustrated notes

Levels and vault maps discovered:
D:1:      dpeg_arrival_pond, layout_rooms, minmay_misc_feat_roman,
          minmay_misc_feat_four_crosses, minmay_hexomino_p4
D:2:      layout_basic, overflow_temple_1_default, overflow_temple_1_default,
          uniq_robin
D:3:      layout_loops_corners, nemelex_xobeh_ov_fountains_minmay,
          biasface_ghost_orc_armoury
D:4:      minmay_recursive_quarters, layout_loops_ring, first_ration,
          corexii_shack
D:5:      layout_basic
D:6:      layout_basic, lemuel_round_altar, serial_shops,
          nicolae_shop_competitors_out_of_business, shop
D:7:      layout_cave_pools, overflow_temple_1_default,
          ashenzari_conservatory_becter, minmay_temple_entry_junction_2,
          the_bakery, uniq_menkaure, uniq_maggie, uniq_pikel
D:8:      layout_cave_pools, lemuel_coloured_pillars_altar, minitemple,
          kennysheep_okawaru_gauntlet
D:9:      layout_rooms, tso_oasis_becter, lemuel_mausoleum_altar_yredelemnul,
          uniq_joseph, uniq_erolcha
Temple:   zaba_magenta_temple

Skill      XL: |  1  2  3  4  5  6  7  8  9 10 |
---------------+-------------------------------+-----
Maces & Flails | 2 3 4 5 6 7 9 10 11 | 11.9
Armour         | 3 5 7 |  7.0
Spellcasting   | 2 |  2.0
Translocations | 3 |  3.0
Fighting       | 3 5 7 |  7.3
Throwing       | |  0.8
Dodging        | |  1.7

Action                   |  1- 3 |  4- 6 |  7- 9 | 10-12 || total
-------------------------+-------+-------+-------+-------++-------
Melee: Mace              |   182 |   285 |     3 |       ||   470
       Flail             |       |       |   181 |       ||   181
       Morningstar       |       |       |   205 |   175 ||   380
       Great mace        |       |       |    13 |       ||    13
Throw: Dart              |       |     2 |    11 |       ||    13
       Boomerang         |       |     2 |       |       ||     2
 Cast: Blink             |       |     1 |       |     4 ||     5
       Shroud of Golubri |       |     2 |     8 |       ||    10
       Teleport Other    |       |     2 |     5 |       ||     7
Evoke: Wand              |       |       |     9 |    12 ||    21
  Use: Potion            |     3 |     2 |     3 |     3 ||    11
       Scroll            |     7 |     3 |    11 |     5 ||    26
 Stab: Distracted        |     1 |       |       |       ||     1
       Sleeping          |       |     1 |     1 |       ||     2
       Paralysed         |       |       |       |     2 ||     2
  Eat: Chunk             |     4 |    13 |    13 |     5 ||    35
       Ration            |       |       |     1 |       ||     1
Armor: Skin              |    27 |       |       |       ||    27
       Leather armour    |    51 |    83 |    46 |       ||   180
       Robe              |       |       |    37 |       ||    37
       Acid dragon scale |       |       |   106 |    89 ||   195
Dodge: Dodged            |   127 |   196 |   260 |   119 ||   702

Levels and vault maps discovered:
D:1:      dpeg_arrival_pond, layout_rooms, minmay_misc_feat_roman,
          minmay_misc_feat_four_crosses, minmay_hexomino_p4
D:2:      layout_basic, overflow_temple_1_default, overflow_temple_1_default,
          uniq_robin
D:3:      layout_loops_corners, nemelex_xobeh_ov_fountains_minmay,
          biasface_ghost_orc_armoury
D:4:      minmay_recursive_quarters, layout_loops_ring, first_ration,
          corexii_shack
D:5:      layout_basic
D:6:      layout_basic, lemuel_round_altar, serial_shops,
          nicolae_shop_competitors_out_of_business, shop
D:7:      layout_cave_pools, overflow_temple_1_default,
          ashenzari_conservatory_becter, minmay_temple_entry_junction_2,
          the_bakery, uniq_menkaure, uniq_maggie, uniq_pikel
D:8:      layout_cave_pools, lemuel_coloured_pillars_altar, minitemple,
          kennysheep_okawaru_gauntlet
D:9:      layout_rooms, tso_oasis_becter, lemuel_mausoleum_altar_yredelemnul,
          uniq_joseph, uniq_erolcha
Temple:   zaba_magenta_temple

Table legend:
 A = Turns spent in this place as a percentage of turns spent in the entire game.
 B = Non-inter-level travel turns spent in this place as a percentage of non-inter-level travel turns spent in the entire game.
 C = Inter-level travel turns spent in this place as a percentage of turns spent in this place.
 D = Turns resting spent in this place as a percentage of non-inter-level travel turns spent in this place.
 E = Turns spent auto-exploring this place as a percentage of non-inter-level travel turns spent in this place.
 F = Non-inter-level travel turns spent in this place divided by the number of levels of this place that you've seen.
                   A       B       C       D       E      F
               +-------+-------+-------+-------+-------+----------------------
         Total | 100.0 | 100.0 |   3.4 |  32.9 |  39.4 | 1160.3
       Dungeon |  99.9 |  99.9 |   3.4 |  33.0 |  39.5 | 1287.7
        Temple |   0.1 |   0.1 |   0.0 |   0.0 |   0.0 |  14.0
               +-------+-------+-------+-------+-------+----------------------

Table legend:
 A = Kills in this place as a percentage of kills in entire the game.
 B = Kills by you in this place as a percentage of kills by you in the entire game.
 C = Kills by friends in this place as a percentage of kills by friends in the entire game.
 D = Other kills in this place as a percentage of other kills in the entire game.
 E = Experience gained in this place as a percentage of experience gained in the entire game.
 F = Experience gained in this place divided by the number of levels of this place that you have seen.
                   A       B       C       D       E      F
               +-------+-------+-------+-------+-------+----------------------
         Total | 100.0 | 100.0 |   N/A | 100.0 | 100.0 | 1150.4
       Dungeon |  99.6 |  99.6 |   N/A | 100.0 |  99.9 | 1276.7
        Temple |   0.4 |   0.4 |   N/A |   0.0 |   0.1 |  14.0
               +-------+-------+-------+-------+-------+----------------------
